 Dungeon Crawl Stone Soup version 0.21.1-1-g345015f (webtiles) character file.

2415 Tallim the Zephyrmancer (level 9, -2/62 HPs)
             Began as a Black Draconian Air Elementalist on July 3, 2018.
             Was a Follower of Qazlal.
             Slain by a two-headed ogre
             ... wielding a +0 giant spiked club
              (7 damage)
             ... on level 8 of the Dungeon.
             The game lasted 00:32:19 (9648 turns).

Tallim the Zephyrmancer (DrAE)                      Turns: 9648, Time: 00:32:20

Health: -2/62      AC: 10    Str: 11    XL:     9   Next: 23%
Magic:  14/17      EV: 11    Int: 19    God:    Qazlal [*.....]
Gold:   130        SH:  6    Dex: 11    Spells: 6/18 levels left

rFire    . . .     SeeInvis .   c - +0 whip
rCold    . . .     Gourm    .   N - +0 buckler
rNeg     + . .     Faith    .   (armour unavailable)
rPois    +         Spirit   .   u - +0 hat
rElec    +         Reflect  +   x - +0 cloak
rCorr    .         Harm     .   o - +1 pair of gloves
MR       .....                  (no boots)
Stlth    ++........             z - +2 amulet of reflection
HPRegen  0.20/turn              q - ring of positive energy
MPRegen  0.15/turn              r - ring of poison resistance

@: very slightly contaminated
A: breathe lightning, unfitting armour, electricity resistance, cold-blooded, AC
+7
a: Breathe Lightning, Renounce Religion


You were on level 8 of the Dungeon.
You worshipped Qazlal.
Qazlal was aware of your devotion.
You were hungry.

You visited 2 branches of the dungeon, and saw 9 of its levels.

You collected 410 gold pieces.
You spent 280 gold pieces at shops.

Inventory:

Hand Weapons
 c - a +0 whip (weapon)
 d - a -2 club
Armour
 o - a +1 pair of gloves (worn)
 u - a +0 hat (worn)
 x - a +0 cloak (worn)
 N - a +0 buckler (worn)
Jewellery
 q - a ring of positive energy (left hand)
 r - a ring of poison resistance (right hand)
 t - an uncursed ring of flight
 y - a +3 ring of evasion
 z - a +2 amulet of reflection (around neck)
 C - an uncursed ring of protection from fire {unknown}
 H - a cursed -2 ring of protection {unknown}
Wands
 i - a wand of iceblast (1)
 s - a wand of flame (29)
Scrolls
 e - 2 scrolls of fog {unknown}
 f - 12 scrolls of identify
 g - a scroll of magic mapping
 k - 2 scrolls of amnesia
 m - a scroll of fear
 v - 2 scrolls of teleportation
 B - 3 scrolls of enchant weapon
 D - a scroll of random uselessness
 E - a scroll of remove curse
 I - 2 scrolls of noise {unknown}
Potions
 h - 3 potions of mutation {unknown}
 j - a potion of flight {unknown}
 l - a potion of lignification {unknown}
 n - a potion of brilliance {unknown}
 p - a potion of curing {unknown}
 w - a potion of magic {unknown}
 A - a potion of resistance {unknown}
 F - 2 potions of heal wounds {unknown}
 G - 2 potions of agility
 J - 2 potions of haste {unknown}
 M - 3 potions of degeneration {unknown}
Books
 a - a book of Air

   Spells                             Type                      Level
   a - Shock                          Conjuration/Air              1
   b - Swiftness                      Charms/Air                   2
   c - Static Discharge               Conjuration/Air              3
   d - Airstrike                      Air                          4
   e - Lightning Bolt                 Conjuration/Air              5
 K - a book of Necromancy

   Spells                             Type                      Level
   a - Pain                           Necromancy                   1
   b - Animate Skeleton               Necromancy                   1
   c - Vampiric Draining              Necromancy                   3
   d - Regeneration                   Charms/Necromancy            3
   e - Animate Dead                   Necromancy                   4
   f - Borgnjor's Vile Clutch         Necromancy/Earth             5
 L - a book of Minor Magic

   Spells                             Type                      Level
   a - Magic Dart                     Conjuration                  1
   b - Blink                          Translocation                2
   c - Call Imp                       Summoning                    2
   d - Slow                           Hexes                        2
   e - Conjure Flame                  Conjuration/Fire             3
   f - Mephitic Cloud                 Conjuration/Poison/Air       3
Comestibles
 b - 9 rations


   Skills:
 + Level 3.3 Maces & Flails
 - Level 1.7 Dodging
 - Level 1.7 Stealth
 + Level 5.3 Spellcasting
 - Level 1.0 Conjurations
 * Level 12.7 Air Magic


You had 6 spell levels left.
You knew the following spells:

 Your Spells              Type           Power        Failure   Level  Hunger
a - Shock                 Conj/Air       ####         1%          1    None
b - Swiftness             Chrm/Air       ####....     2%          2    None
c - Airstrike             Air            ######....   1%          4    ####...
d - Mephitic Cloud        Conj/Pois/Air  ###.....     9%          3    ##.....
e - Blink                 Tloc           N/A          30%         2    None


Dungeon Overview and Level Annotations

Branches:
Dungeon (8/15)             Temple (1/1) D:5
   Lair: D:8-11

Altars:
Ashenzari
Cheibriados
Qazlal
Xom

Shops:
D:8 :


Innate Abilities, Weirdness & Mutations

You can breathe wild blasts of lightning.
Your glossy black scales are hard. (AC +7)
You cannot fit into any form of body armour.
You are resistant to electric shocks. (rElec)
You are cold-blooded and may be slowed by cold attacks.


Message History

The two-headed ogre misses you.
Casting: Shock
Confirm with . or Enter, or press ? or * to list all spells.
Aiming: Shock
Press: ? - help, Shift-Dir - straight line, f/p - two-headed ogre
Aim: a two-headed ogre, wielding a giant spiked club and a giant club (severely wounded)
The zap misses the two-headed ogre.
The two-headed ogre hits you with a giant spiked club!!
The two-headed ogre hits you with a giant club!!
* * * LOW HITPOINT WARNING * * *
Casting: Shock
Confirm with . or Enter, or press ? or * to list all spells.
Aiming: Shock
Press: ? - help, Shift-Dir - straight line, f/p - two-headed ogre
Aim: a two-headed ogre, wielding a giant spiked club and a giant club (severely wounded)
You miscast Shock.
You are very lightly contaminated with residual magic.
Nothing appears to happen.
The two-headed ogre hits you with a giant spiked club!
You die...

.......#.# ###........##.#######
.#####...# ###...#####.##..... .#
#...# #.....=...##.#### ##
###...### #...########.#
#.......# #...# #.# #.......#
#...# #.# ####.##.#..# #...# #.#
........#..######...########.####
.###.##.#......O@§...>.....#.....
.# #.##..........................
.# #.....>....)...≈.≈>.....#.....
.# #......#####.#≈≈.≈≈#######.#..
## ####.### #.#≈≈∩≈≈# ##.#.. #.#
#.#≈≈≈≈≈# #....^ #.# #.#.≈≈≈##
#..#.. ..# #.#....# #..... ...
#......# ##....#


You could see a two-headed ogre.

Vanquished Creatures
  Menkaure (D:4)
  A water moccasin (D:7)
  An orc warrior (D:6)
  3 ice beasts
  A sky beast (D:6)
  2 phantoms (D:4)
  3 ogres
  A centaur (D:5)
  A bullfrog (D:7)
  2 scorpions (D:7)
  3 killer bees (D:7)
  2 howler monkeys (D:7)
  4 crimson imps
  A centaur zombie (D:8)
  A jelly (D:7)
  A bullfrog skeleton (D:5)
  A hound (D:6)
  A quasit (D:7)
  3 orc priests
  Ijyb (D:3)
  4 iguanas
  3 worker ants
  A hound skeleton (D:8)
  10 gnolls
  A howler monkey skeleton (D:5)
  5 adders
  3 adder skeletons
  2 adder zombies
  3 worms
  A dart slug (D:1)
  4 leopard geckos
  13 orcs
  7 giant cockroaches
  5 hobgoblins
  7 jackals
  5 kobolds
  3 quokkas
  2 ball pythons
  13 bats
  5 frilled lizards
  11 goblins
  2 leopard gecko skeletons
  A quokka zombie (D:1)
  7 rats
152 creatures vanquished.

Notes
Turn   | Place    | Note
-------+----------+-------------------------------------------
     0 | D:1      | Tallim the Draconian Air Elementalist began the quest for the Orb.
     0 | D:1      | Reached XP level 1. HP: 14/14 MP: 3/3
   184 | D:1      | Reached XP level 2. HP: 20/20 MP: 5/5
   379 | D:1      | Reached skill level 4 in Air Magic
   705 | D:1      | Reached XP level 3. HP: 26/26 MP: 3/6
  1031 | D:2      | Learned a level 2 spell: Swiftness
  1700 | D:2      | Reached skill level 5 in Air Magic
  1700 | D:2      | Reached XP level 4. HP: 17/33 MP: 2/7
  2973 | D:3      | Noticed Ijyb
  2989 | D:3      | Killed Ijyb
  2989 | D:3      | Reached skill level 1 in Maces & Flails
  2989 | D:3      | Reached XP level 5. HP: 33/38 MP: 2/8
  3077 | D:4      | Noticed an ogre
  3080 | D:4      | Noticed a phantom
  3111 | D:4      | Noticed Menkaure
  3225 | D:4      | Killed Menkaure
  3225 | D:4      | Reached skill level 6 in Air Magic
  3225 | D:4      | Reached XP level 6. HP: 27/45 MP: 5/9
  3866 | D:4      | Reached skill level 7 in Air Magic
  4074 | D:4      | Your scales start taking on a glossy black colour.
  4074 | D:4      | Reached skill level 9 in Air Magic
  4074 | D:4      | Reached XP level 7. HP: 26/50 MP: 0/10
  4074 | D:4      | Gained mutation: You are resistant to electric shocks. (rElec) [Black Draconian growth]
  4535 | D:4      | Learned a level 4 spell: Airstrike
  4757 | D:5      | Entered Level 5 of the Dungeon
  5160 | D:5      | Reached skill level 10 in Air Magic
  5614 | D:5      | Found a staircase to the Ecumenical Temple.
  5644 | D:5      | Reached XP level 8. HP: 26/57 MP: 1/12
  5894 | Temple   | Entered the Ecumenical Temple
  5901 | Temple   | Became a worshipper of Qazlal Stormbringer
  6671 | D:6      | Reached skill level 11 in Air Magic
  7299 | D:6      | Found a shattered altar of Ashenzari.
  7802 | D:6      | You fall through a shaft for 2 floors!
  8090 | D:8      | Found Eweawym's Book Shop.
  8098 | D:8      | Bought a book of Minor Magic for 280 gold pieces
  8102 | D:8      | Learned a level 3 spell: Mephitic Cloud
  8105 | D:8      | Learned a level 2 spell: Blink
  8175 | D:8      | Noticed a two-headed ogre
  8271 | D:7      | Reached skill level 12 in Air Magic
  8664 | D:7      | Reached XP level 9. HP: 61/62 MP: 11/16
  8702 | D:7      | Reached skill level 5 in Spellcasting
  9425 | D:8      | Reached * piety under Qazlal
  9648 | D:8      | Slain by a two-headed ogre

Skill      XL: |  1  2  3  4  5  6  7  8  9 |
---------------+----------------------------+-----
Air Magic      | 4 5 6 9 10 12 | 12.7
Maces & Flails | 1 2 3 |  3.3
Spellcasting   | 4 5 |  5.3
Dodging        | |  1.7
Stealth        | |  1.7
Conjurations   | |  1.0

Action                   |  1- 3 |  4- 6 |  7- 9 || total
-------------------------+-------+-------+-------++-------
Melee: Unarmed           |    36 |       |       ||    36
       Tailslap          |     6 |     6 |     3 ||    15
       Whip              |    52 |    88 |    59 ||   199
 Cast: Shock             |    77 |   118 |   260 ||   455
       Airstrike         |       |       |     7 ||     7
       Mephitic Cloud    |       |       |     1 ||     1
Evoke: Wand              |       |    10 |    15 ||    25
  Use: Scroll            |     2 |     1 |     7 ||    10
 Stab: Sleeping          |     1 |       |       ||     1
  Eat: Chunk             |     2 |     7 |     6 ||    15
       Ration            |     1 |       |     4 ||     5
Armor: Skin              |    48 |    39 |    55 ||   142
Dodge: Dodged            |    84 |    68 |    82 ||   234
Block: Other             |       |       |     7 ||     7
       Buckler           |       |       |     9 ||     9
